 Dungeon Crawl Stone Soup version 0.26.1-2-gb8aa6d0cf2 (webtiles) character file.

Game seed: 2711967988119596086

220 DearestLeader the Chiller (level 5, -1/35 HPs)
             Began as a Merfolk Ice Elementalist on Mar 3, 2021.
             Slain by an iguana (4 damage)
             ... on level 4 of the Dungeon.
             The game lasted 00:05:32 (4069 turns).

DearestLeader the Chiller (MfIE)                    Turns: 4069, Time: 00:05:32

Health: -1/35      AC:  2    Str:  8    XL:     5   Next: 97%
Magic:  5/8        EV: 13    Int: 16    God:
Gold:   176        SH:  0    Dex: 14    Spells: 1/8 levels left

rFire    . . .     SeeInvis .   c - +1 dagger (venom)
rCold    . . .     Faith    .   (no shield)
rNeg     . . .     Spirit   .   a - +0 robe
rPois    .         Reflect  .   (no helmet)
rElec    .         Harm     .   (no cloak)
rCorr    .         Rampage  .   (no gloves)
Will     .....                  (no boots)
Stlth    ++........             (no amulet)
HPRegen  0.11/turn              (no ring)
MPRegen  0.11/turn              (no ring)

@: attractive, very slightly contaminated
A: change form in water, swift swim, stealthy swim
a: no special abilities


You were on level 4 of the Dungeon.
You visited 1 branch of the dungeon, and saw 4 of its levels.

You collected 176 gold pieces.

Inventory:

Hand Weapons
 c - a +1 dagger of venom (weapon)
 k - a +0 spear
Armour
 a - a +0 robe (worn)
Scrolls
 d - 2 scrolls of teleportation {unknown}
 f - 2 scrolls of remove curse {unknown}
 g - a scroll of amnesia {unknown}
 h - 2 scrolls of enchant weapon {unknown}
 j - a scroll of fear {unknown}
 l - a scroll of random uselessness {unknown}
 o - a scroll of immolation {unknown}
Potions
 b - a potion of mutation {unknown}
 e - a potion of attraction
 i - a potion of brilliance {unknown}
 m - a potion of curing {unknown}
 n - a potion of lignification {unknown}


   Skills:
 + Level 3.3 Polearms
 - Level 2.6 Dodging
 - Level 2.1 Stealth
 - Level 2.0 Spellcasting
 * Level 7.1 Ice Magic


You had one spell level left.
You knew the following spells:

 Your Spells              Type           Power        Failure   Level
a - Freeze                Ice            96%          1%          1
b - Frozen Ramparts       Ice            48%          3%          3
c - Ozocubu's Armour      Ice            24%          3%          3

Your spell library contained the following spells:

 Spells                   Type           Power        Failure   Level
 Hailstorm                Conj/Ice       13%          43%         4
 Summon Ice Beast         Ice/Summ       13%          43%         4


Dungeon Overview and Level Annotations

Branches:
Dungeon (4/15)
 Temple: D:4-7

Altars:
Fedhas
Okawaru
Qazlal
Trog
Yredelemnul


Message History

The iguana hisses angrily.
Found a spear.
The iguana bites you!
Found a trident.
You hit the iguana but do no damage. The iguana bites you!
You are too injured to fight recklessly!
Casting: Frozen Ramparts (dangerous; 3% risk of failure)
Confirm with . or Enter, or press ? or * to list all spells.
Casting: Frozen Ramparts (dangerous; 3% risk of failure)
Press: ? - help, Dir - look around, f - activate You miscast Frozen Ramparts.
You are very lightly contaminated with residual magic.
Nothing appears to happen.
The iguana closely misses you.
Unknown command.
The iguana bites you!
* * * LOW HITPOINT WARNING * * *
It was a potion of attraction.
You feel attractive to monsters. The iguana bites you.
You die...

##########
#####..#.##..###
#..#......#....###
##@.#...........##.
##l#.<...........#..
#..##...............
.............#........##..
............###........##.
..)..##.....#.............
..#.......................
)... .....................
... ..............##.....


You could see an iguana.

Vanquished Creatures
  An orc priest (D:3)
  Terence (D:2)
  3 gnolls (D:3)
  5 adders
  An ooze (D:1)
  2 worms (D:3)
  2 dart slugs (D:1)
  4 orcs (D:3)
  A giant cockroach (D:1)
  12 goblins
  9 hobgoblins
  2 jackals (D:1)
  A quokka (D:2)
  A ball python (D:1)
  11 bats
  5 frilled lizards
  9 kobolds
  8 rats
78 creatures vanquished.

Vanquished Creatures (others)
  4 plants (D:3)
4 creatures vanquished.

Grand Total: 82 creatures vanquished

Notes
Turn   | Place    | Note
-------+----------+-------------------------------------------
     0 | D:1      | DearestLeader the Merfolk Ice Elementalist began the quest
                  | for the Orb.
     0 | D:1      | Reached XP level 1. HP: 13/13 MP: 3/3
   309 | D:1      | Reached XP level 2. HP: 18/19 MP: 3/5
   382 | D:1      | Reached skill level 5 in Ice Magic
   605 | D:1      | Reached XP level 3. HP: 24/24 MP: 6/6
   993 | D:1      | Learned a level 3 spell: Frozen Ramparts
  1016 | D:2      | Found a stormy altar of Qazlal.
  1017 | D:2      | Noticed Terence
  1034 | D:2      | Killed Terence
  1035 | D:2      | Reached skill level 6 in Ice Magic
  1035 | D:2      | Reached XP level 4. HP: 17/30 MP: 7/7
  1577 | D:2      | Learned a level 3 spell: Ozocubu's Armour
  2023 | D:2      | Found a bloodstained altar of Trog.
  2062 | D:2      | Reached skill level 1 in Polearms
  2547 | D:3      | Found a basalt altar of Yredelemnul.
  2547 | D:3      | Found a blossoming altar of Fedhas.
  2549 | D:3      | Found an iron altar of Okawaru.
  2562 | D:3      | Reached XP level 5. HP: 35/35 MP: 8/8
  3361 | D:3      | Reached skill level 7 in Ice Magic
  3604 | D:3      | Found a faded altar of an unknown god.
  4069 | D:4      | Slain by an iguana

Illustrated notes

Levels and vault maps discovered:
D:1:      lightli_arrival_chessboard, layout_loops_cross, st_stairs_5
D:2:      layout_loops_ring, overflow_temple_1_default, trog_book, uniq_terence
D:3:      layout_rooms, nicolae_overflow_hidden_temple,
          chequers_ecumenical_altar_lobes
D:4:      layout_cave_pools

Skill      XL: |  1  2  3  4  5 |
---------------+----------------+-----
Ice Magic      | 5 6 7 |  7.1
Polearms       | 1 3 |  3.3
Dodging        | |  2.6
Stealth        | |  2.1
Spellcasting   | |  2.0

Action                   |  1- 3 |  4- 6 || total
-------------------------+-------+-------++-------
Melee: Unarmed           |     2 |       ||     2
       Dagger            |    42 |   105 ||   147
 Cast: Freeze            |    17 |     8 ||    25
       Frozen Ramparts   |       |     4 ||     4
  Use: Potion            |       |     1 ||     1
 Stab: Sleeping          |     2 |     6 ||     8
Armor: Robe              |     9 |    24 ||    33
Dodge: Dodged            |    42 |    65 ||   107
